[ AOE2 MATCH · #480059938 ]
Team RMHindustanis vs Bohemians
[ REPLAY ANALYSIS · EXTRACTED FROM THE RECORDED GAME ]
Feudal
10:06
Castle
14:51
Imperial
34:15
| APM avg | 38.7 |
| APM peak | 70 |
| eAPM avg | 18.3 |
| Villagers / military | 124 / 140 |
Focus
⚔️ 28.2% · 🌾 71.8%
Hand Cannoneer ×65 · Scout Cavalry ×45 · Ghulam ×10 · Mangonel ×8 · Monk ×6 · Armored Elephant ×3
Feudal
—
Castle
—
Imperial
—
| APM avg | 34.0 |
| APM peak | 68 |
| eAPM avg | 19.0 |
| Villagers / military | 127 / 122 |
Focus
⚔️ 30.4% · 🌾 69.6%
Hand Cannoneer ×57 · Hussite Wagon ×27 · Monk ×21 · Bombard Cannon ×10 · Petard ×4 · Scorpion ×2
Feudal
9:22
Castle
19:10
Imperial
32:33
| APM avg | 50.8 |
| APM peak | 100 |
| eAPM avg | 23.8 |
| Villagers / military | 192 / 282 |
Focus
⚔️ 32.9% · 🌾 67.1%
Scout Cavalry ×224 · Ballista Elephant ×52 · Trebuchet (Packed) ×6
Feudal
11:29
Castle
16:00
Imperial
30:19
| APM avg | 26.7 |
| APM peak | 140 |
| eAPM avg | 15.2 |
| Villagers / military | 169 / 258 |
Focus
⚔️ 20.1% · 🌾 79.9%
Spearman ×219 · Organ Gun ×31 · Trebuchet (Packed) ×8
Feudal
12:36
Castle
16:13
Imperial
29:58
| APM avg | 41.6 |
| APM peak | 89 |
| eAPM avg | 28.4 |
| Villagers / military | 235 / 176 |
Focus
⚔️ 37.6% · 🌾 62.4%
Scout Cavalry ×122 · Hand Cannoneer ×29 · Trade Cart ×10 · Bombard Cannon ×7 · Trebuchet (Packed) ×7 · Monk ×4
Feudal
11:03
Castle
22:03
Imperial
30:04
| APM avg | 25.2 |
| APM peak | 72 |
| eAPM avg | 18.4 |
| Villagers / military | 154 / 11 |
Focus
⚔️ 12.2% · 🌾 87.8%
Teutonic Knight ×3 · Petard ×2 · Mangonel ×2 · Scorpion ×2 · Trebuchet (Packed) ×2
Match map
Initial resources + every placement click. Lines = walls · curves = elevation contours. ◆ gold · ⬟ stone · ● berries · ✦ relic · ◌ wall gap
Your base· ✓ Closed at 14:51 · 0t walls · 2 gate(s)
GabrielXbox4294's base· ✓ Closed at 11:26 · 0t walls · 3 gate(s)
John Wolfgang's base· ✓ Closed at 19:10 · 0t walls · 2 gate(s)
Dimithrycaeiro's base· ✓ Closed at 16:00 · 0t walls · 2 gate(s)
DS_Nacho_10's base· ✓ Closed at 16:13 · 23t walls · 4 gate(s)
dfgonzalezm08's base· ✓ Closed at 22:03 · 0t walls · 3 gate(s)
Smoothed initial terrain · ◌ = detected wall gap · hover for details
Inputs per minute
— carlosa_dd - - GabrielXbox4294
Build order — carlosa_dd
First 150 of 464 actions detected
| 0:01 | Create | Villager (Male) |
| 0:01 | Create | Villager (Male) |
| 0:01 | Create | Villager (Male) |
| 0:02 | Build | House |
| 0:05 | Build | House |
| 0:50 | Create | Villager (Male) |
| 1:15 | Create | Villager (Male) |
| 1:38 | Create | Villager (Male) |
| 1:38 | Create | Villager (Male) |
| 2:16 | Create | Villager (Male) |
| 2:16 | Create | Villager (Male) |
| 2:17 | Create | Villager (Male) |
| 2:24 | Build | Lumber Camp |
| 2:52 | Create | Villager (Male) |
| 2:52 | Create | Villager (Male) |
| 3:01 | Build | House |
| 3:12 | Create | Villager (Male) |
| 3:12 | Create | Villager (Male) |
| 3:43 | Create | Villager (Male) |
| 4:21 | Create | Villager (Male) |
| 4:21 | Create | Villager (Male) |
| 4:21 | Create | Villager (Male) |
| 4:34 | Create | Villager (Male) |
| 4:34 | Create | Villager (Male) |
| 5:09 | Build | House |
| 6:01 | Build | Mill |
| 6:06 | Create | Villager (Male) |
| 6:36 | Create | Villager (Male) |
| 6:46 | Create | Villager (Male) |
| 7:10 | Build | Mining Camp |
| 7:22 | Create | Villager (Male) |
| 7:36 | Research | Feudal Age |
| 8:54 | Create | Villager (Male) |
| 9:12 | Build | House |
| 9:38 | Build | Farm |
| 9:57 | Create | Villager (Male) |
| 10:06 | Age | Feudal Age |
| 10:10 | Build | Market |
| 10:47 | Create | Villager (Male) |
| 11:16 | Build | Blacksmith |
| 11:17 | Create | Villager (Male) |
| 11:46 | Create | Villager (Male) |
| 11:52 | Build | Mining Camp |
| 11:58 | Research | Castle Age |
| 12:37 | Build | House |
| 12:59 | Research | Double-Bit Axe |
| 13:17 | Build | House |
| 13:35 | Research | Horse Collar |
| 13:37 | Build | Farm |
| 13:46 | Build | Farm |
| 14:42 | Research | Loom |
| 14:51 | Age | Castle Age |
| 15:01 | Create | Villager (Male) |
| 15:08 | Build | Castle |
| 15:14 | Create | Villager (Male) |
| 15:28 | Build | Farm |
| 15:35 | Research | Bow Saw |
| 15:52 | Build | Farm |
| 16:00 | Create | Villager (Male) |
| 16:19 | Build | Monastery |
| 16:20 | Create | Villager (Male) |
| 16:36 | Build | Farm |
| 16:49 | Create | Villager (Male) |
| 16:52 | Build | Town Center |
| 16:56 | Create | Ghulam |
| 16:56 | Create | Ghulam |
| 17:04 | Build | Farm |
| 17:10 | Create | Ghulam |
| 17:25 | Build | Farm |
| 17:40 | Create | Villager (Male) |
| 17:59 | Create | Monk |
| 18:00 | Create | Villager (Male) |
| 18:09 | Create | Villager (Male) |
| 18:12 | Build | Farm |
| 18:16 | Create | Villager (Male) |
| 18:20 | Create | Villager (Male) |
| 18:49 | Build | Siege Workshop |
| 18:50 | Create | Villager (Male) |
| 18:52 | Build | Farm |
| 18:57 | Create | Villager (Male) |
| 19:03 | Build | Farm |
| 19:23 | Create | Villager (Male) |
| 19:26 | Build | Farm |
| 19:29 | Create | Villager (Male) |
| 19:37 | Create | Mangonel |
| 19:37 | Create | Mangonel |
| 20:04 | Create | Villager (Male) |
| 20:04 | Create | Villager (Male) |
| 20:06 | Build | Farm |
| 20:23 | Create | Mangonel |
| 21:04 | Create | Mangonel |
| 21:51 | Build | Gate |
| 21:53 | Create | Ghulam |
| 21:54 | Create | Villager (Male) |
| 21:54 | Create | Villager (Male) |
| 22:00 | Create | Villager (Male) |
| 22:06 | Build | Town Center |
| 22:13 | Build | Farm |
| 22:13 | Build | Farm |
| 22:13 | Build | Farm |
| 22:14 | Build | Farm |
| 22:14 | Build | Farm |
| 22:14 | Build | Farm |
| 22:19 | Create | Villager (Male) |
| 22:21 | Create | Villager (Male) |
| 22:22 | Create | Villager (Male) |
| 22:33 | Create | Monk |
| 22:46 | Build | Farm |
| 22:46 | Build | Farm |
| 22:46 | Build | Farm |
| 22:46 | Build | Farm |
| 22:48 | Create | Villager (Male) |
| 22:48 | Create | Villager (Male) |
| 22:56 | Build | Farm |
| 23:03 | Build | Farm |
| 23:05 | Create | Villager (Male) |
| 23:05 | Create | Villager (Male) |
| 23:13 | Build | Farm |
| 23:13 | Build | Farm |
| 23:14 | Build | Farm |
| 23:14 | Build | Farm |
| 23:35 | Create | Mangonel |
| 23:49 | Create | Villager (Male) |
| 23:49 | Create | Villager (Male) |
| 23:52 | Build | Farm |
| 23:52 | Build | Farm |
| 23:53 | Build | Farm |
| 23:57 | Create | Villager (Male) |
| 23:57 | Create | Villager (Male) |
| 24:09 | Build | Farm |
| 24:14 | Create | Villager (Male) |
| 24:20 | Build | Farm |
| 24:23 | Build | Farm |
| 24:24 | Create | Villager (Male) |
| 24:35 | Build | Farm |
| 24:36 | Create | Monk |
| 24:52 | Create | Monk |
| 24:55 | Create | Armored Elephant |
| 24:56 | Create | Villager (Male) |
| 24:58 | Build | Farm |
| 25:00 | Create | Villager (Male) |
| 25:00 | Create | Villager (Male) |
| 25:07 | Create | Monk |
| 25:16 | Create | Mangonel |
| 25:18 | Create | Villager (Male) |
| 25:20 | Build | Farm |
| 25:27 | Build | Farm |
| 25:29 | Build | House |
| 25:30 | Build | House |
| 25:30 | Build | House |
Build order — GabrielXbox4294
First 150 of 430 actions detected
| 0:00 | Create | Villager (Male) |
| 0:01 | Create | Villager (Male) |
| 0:01 | Create | Villager (Male) |
| 0:01 | Create | Villager (Male) |
| 0:02 | Build | House |
| 0:04 | Build | House |
| 1:25 | Create | Villager (Male) |
| 1:44 | Build | Lumber Camp |
| 1:48 | Create | Villager (Male) |
| 2:22 | Create | Villager (Male) |
| 2:43 | Create | Villager (Male) |
| 3:04 | Create | Villager (Male) |
| 3:35 | Create | Villager (Male) |
| 3:44 | Create | Villager (Male) |
| 3:51 | Build | House |
| 3:53 | Build | House |
| 3:55 | Build | House |
| 3:59 | Create | Villager (Male) |
| 4:39 | Build | Mill |
| 4:49 | Create | Villager (Male) |
| 4:53 | Create | Villager (Male) |
| 5:00 | Create | Villager (Male) |
| 5:54 | Create | Villager (Male) |
| 6:25 | Create | Villager (Male) |
| 6:47 | Create | Villager (Male) |
| 7:02 | Create | Villager (Male) |
| 7:02 | Create | Villager (Male) |
| 7:09 | Build | Mining Camp |
| 8:01 | Build | Mining Camp |
| 8:19 | Research | Feudal Age |
| 8:25 | Create | Villager (Male) |
| 8:41 | Research | Loom |
| 8:41 | Create | Villager (Male) |
| 9:00 | Build | Farm |
| 10:33 | Build | Market |
| 10:35 | Build | Blacksmith |
| 11:26 | Research | Castle Age |
| 11:43 | Build | Farm |
| 12:32 | Create | Villager (Male) |
| 12:42 | Research | Double-Bit Axe |
| 14:08 | Build | Castle |
| 14:11 | Research | Bow Saw |
| 14:28 | Create | Villager (Male) |
| 14:54 | Build | Farm |
| 14:56 | Create | Villager (Male) |
| 15:22 | Create | Villager (Male) |
| 15:35 | Create | Hussite Wagon |
| 15:36 | Create | Hussite Wagon |
| 15:52 | Build | Farm |
| 15:55 | Create | Villager (Male) |
| 16:12 | Create | Villager (Male) |
| 16:16 | Build | Farm |
| 16:20 | Build | Farm |
| 16:26 | Create | Hussite Wagon |
| 16:29 | Create | Villager (Male) |
| 16:41 | Create | Hussite Wagon |
| 16:49 | Build | Lumber Camp |
| 16:55 | Create | Petard |
| 17:04 | Create | Villager (Male) |
| 17:36 | Create | Petard |
| 17:37 | Create | Villager (Male) |
| 17:38 | Create | Villager (Male) |
| 17:42 | Build | Farm |
| 17:45 | Build | Farm |
| 17:50 | Build | Farm |
| 17:54 | Build | Farm |
| 17:59 | Create | Hussite Wagon |
| 18:16 | Create | Hussite Wagon |
| 18:17 | Create | Villager (Male) |
| 18:23 | Build | Farm |
| 18:45 | Create | Villager (Male) |
| 18:51 | Build | Farm |
| 19:08 | Create | Hussite Wagon |
| 19:09 | Create | Villager (Male) |
| 19:11 | Create | Hussite Wagon |
| 19:33 | Create | Hussite Wagon |
| 19:39 | Create | Villager (Male) |
| 19:49 | Create | Villager (Male) |
| 19:52 | Build | Farm |
| 19:56 | Build | Farm |
| 19:59 | Build | Farm |
| 20:12 | Build | House |
| 20:15 | Research | Wheelbarrow |
| 20:22 | Build | House |
| 20:33 | Create | Hussite Wagon |
| 20:54 | Create | Hussite Wagon |
| 21:02 | Create | Villager (Male) |
| 21:10 | Build | House |
| 21:31 | Create | Hussite Wagon |
| 21:42 | Create | Hussite Wagon |
| 21:43 | Create | Villager (Male) |
| 21:54 | Create | Hussite Wagon |
| 21:58 | Build | Farm |
| 22:15 | Build | House |
| 22:31 | Build | Monastery |
| 22:34 | Create | Villager (Male) |
| 22:35 | Create | Villager (Male) |
| 22:41 | Create | Hussite Wagon |
| 22:51 | Create | Villager (Male) |
| 22:53 | Build | Lumber Camp |
| 23:03 | Build | Lumber Camp |
| 23:14 | Create | Hussite Wagon |
| 23:16 | Create | Villager (Male) |
| 23:38 | Research | Sanctity |
| 23:41 | Build | House |
| 23:42 | Create | Villager (Male) |
| 23:53 | Build | Monastery |
| 23:57 | Create | Monk |
| 24:05 | Create | Hussite Wagon |
| 24:11 | Create | Villager (Male) |
| 24:15 | Build | House |
| 24:20 | Build | House |
| 24:30 | Create | Hussite Wagon |
| 24:43 | Create | Monk |
| 24:45 | Create | Monk |
| 24:48 | Research | Redemption |
| 24:51 | Build | House |
| 24:53 | Build | Farm |
| 25:00 | Create | Monk |
| 25:06 | Build | Mining Camp |
| 25:22 | Create | Villager (Male) |
| 25:34 | Create | Monk |
| 25:35 | Create | Monk |
| 25:39 | Create | Petard |
| 25:40 | Create | Petard |
| 25:46 | Create | Villager (Male) |
| 26:07 | Create | Villager (Male) |
| 26:12 | Build | Lumber Camp |
| 26:20 | Create | Hussite Wagon |
| 26:23 | Create | Monk |
| 26:26 | Create | Monk |
| 26:31 | Create | Villager (Male) |
| 26:48 | Create | Hussite Wagon |
| 27:07 | Create | Hussite Wagon |
| 27:20 | Create | Hussite Wagon |
| 27:45 | Create | Monk |
| 27:45 | Create | Monk |
| 27:49 | Create | Monk |
| 27:54 | Create | Hussite Wagon |
| 28:11 | Create | Hussite Wagon |
| 28:22 | Create | Hussite Wagon |
| 28:26 | Create | Villager (Male) |
| 28:27 | Create | Villager (Male) |
| 28:39 | Create | Monk |
| 28:44 | Create | Villager (Male) |
| 28:44 | Create | Villager (Male) |
| 28:57 | Create | Monk |
| 28:57 | Create | Monk |
| 29:08 | Create | Hussite Wagon |
| 29:14 | Create | Villager (Male) |
Build order — John Wolfgang
First 150 of 581 actions detected
| 0:01 | Create | Villager (Male) |
| 0:01 | Create | Villager (Male) |
| 0:01 | Create | Villager (Male) |
| 0:02 | Build | House |
| 0:05 | Build | House |
| 0:11 | Create | Villager (Male) |
| 1:25 | Create | Villager (Male) |
| 2:12 | Create | Villager (Male) |
| 2:12 | Create | Villager (Male) |
| 2:12 | Create | Villager (Male) |
| 2:30 | Create | Villager (Male) |
| 2:30 | Create | Villager (Male) |
| 2:44 | Build | Lumber Camp |
| 2:58 | Create | Villager (Male) |
| 2:58 | Create | Villager (Male) |
| 3:33 | Build | House |
| 3:35 | Build | House |
| 3:39 | Build | House |
| 3:46 | Create | Villager (Male) |
| 3:48 | Create | Villager (Male) |
| 3:48 | Create | Villager (Male) |
| 4:24 | Create | Villager (Male) |
| 4:24 | Create | Villager (Male) |
| 4:46 | Create | Villager (Male) |
| 4:46 | Create | Villager (Male) |
| 4:46 | Create | Villager (Male) |
| 5:19 | Create | Villager (Male) |
| 5:20 | Create | Villager (Male) |
| 5:26 | Create | Villager (Male) |
| 5:29 | Build | Mill |
| 5:40 | Build | House |
| 5:43 | Create | Villager (Male) |
| 5:49 | Create | Villager (Male) |
| 6:22 | Create | Villager (Male) |
| 6:22 | Create | Villager (Male) |
| 7:01 | Research | Feudal Age |
| 7:01 | Research | Feudal Age |
| 7:27 | Create | Villager (Male) |
| 7:57 | Create | Villager (Male) |
| 8:23 | Create | Villager (Male) |
| 8:49 | Build | House |
| 8:51 | Create | Villager (Male) |
| 9:22 | Age | Feudal Age |
| 9:26 | Build | Stable |
| 9:27 | Research | Double-Bit Axe |
| 9:28 | Research | Horse Collar |
| 9:28 | Research | Horse Collar |
| 9:35 | Build | Farm |
| 9:59 | Build | Farm |
| 10:14 | Build | House |
| 10:20 | Create | Scout Cavalry |
| 10:20 | Create | Scout Cavalry |
| 10:29 | Create | Villager (Male) |
| 10:32 | Build | Farm |
| 10:34 | Build | Farm |
| 10:47 | Build | Farm |
| 10:54 | Create | Villager (Male) |
| 10:57 | Build | Farm |
| 11:11 | Create | Scout Cavalry |
| 11:18 | Create | Villager (Male) |
| 11:21 | Build | Farm |
| 11:27 | Build | Farm |
| 11:32 | Research | Bloodlines |
| 11:32 | Research | Bloodlines |
| 11:39 | Build | Farm |
| 11:53 | Build | Mining Camp |
| 11:56 | Create | Villager (Male) |
| 12:03 | Create | Villager (Male) |
| 12:14 | Build | House |
| 12:15 | Build | House |
| 12:21 | Build | Farm |
| 12:38 | Build | Farm |
| 12:45 | Create | Scout Cavalry |
| 12:45 | Create | Scout Cavalry |
| 12:49 | Build | Farm |
| 12:50 | Create | Villager (Male) |
| 13:17 | Create | Villager (Male) |
| 13:20 | Build | House |
| 13:23 | Create | Villager (Male) |
| 13:30 | Create | Villager (Male) |
| 13:33 | Build | Farm |
| 13:37 | Build | Farm |
| 13:43 | Create | Scout Cavalry |
| 14:03 | Create | Villager (Male) |
| 14:03 | Create | Villager (Male) |
| 14:07 | Build | Farm |
| 14:13 | Build | Farm |
| 14:14 | Create | Villager (Male) |
| 14:25 | Create | Villager (Male) |
| 14:28 | Create | Scout Cavalry |
| 14:34 | Build | Farm |
| 14:37 | Build | House |
| 14:40 | Create | Villager (Male) |
| 15:09 | Create | Villager (Male) |
| 15:11 | Create | Villager (Male) |
| 15:23 | Create | Villager (Male) |
| 15:29 | Build | Blacksmith |
| 16:00 | Create | Villager (Male) |
| 16:05 | Build | Farm |
| 16:13 | Build | House |
| 16:30 | Research | Castle Age |
| 16:31 | Research | Castle Age |
| 16:47 | Build | Farm |
| 16:57 | Research | Forging |
| 16:57 | Research | Scale Barding Armor |
| 17:20 | Research | Scale Barding Armor |
| 17:24 | Create | Scout Cavalry |
| 17:25 | Create | Scout Cavalry |
| 17:32 | Build | House |
| 19:04 | Create | Scout Cavalry |
| 19:04 | Create | Scout Cavalry |
| 19:10 | Create | Villager (Male) |
| 19:10 | Age | Castle Age |
| 19:16 | Build | Stable |
| 19:19 | Build | Town Center |
| 19:20 | Research | Bow Saw |
| 19:20 | Research | Bow Saw |
| 19:31 | Create | Villager (Male) |
| 19:32 | Research | Light Cavalry (upgrade) |
| 19:46 | Create | Villager (Male) |
| 19:46 | Create | Villager (Male) |
| 19:49 | Build | Farm |
| 19:52 | Research | Gold Mining |
| 19:52 | Research | Gold Mining |
| 20:11 | Create | Villager (Male) |
| 20:15 | Create | Villager (Male) |
| 20:18 | Research | Heavy Plow |
| 20:30 | Research | Husbandry |
| 20:31 | Create | Scout Cavalry |
| 20:31 | Create | Scout Cavalry |
| 20:41 | Create | Villager (Male) |
| 20:45 | Build | Farm |
| 20:49 | Create | Villager (Male) |
| 20:49 | Create | Villager (Male) |
| 21:09 | Create | Scout Cavalry |
| 21:09 | Create | Scout Cavalry |
| 21:19 | Create | Villager (Male) |
| 21:19 | Create | Villager (Male) |
| 21:26 | Create | Villager (Male) |
| 21:26 | Create | Villager (Male) |
| 22:03 | Create | Villager (Male) |
| 22:04 | Create | Villager (Male) |
| 22:04 | Create | Villager (Male) |
| 22:07 | Create | Villager (Male) |
| 22:07 | Create | Villager (Male) |
| 22:07 | Create | Villager (Male) |
| 22:07 | Create | Villager (Male) |
| 22:10 | Create | Villager (Male) |
| 22:10 | Create | Villager (Male) |
| 22:21 | Build | Town Center |
Build order — Dimithrycaeiro
First 150 of 385 actions detected
| 0:04 | Build | House |
| 0:06 | Build | House |
| 0:15 | Create | Villager (Male) |
| 0:15 | Create | Villager (Male) |
| 0:16 | Create | Villager (Male) |
| 0:16 | Create | Villager (Male) |
| 0:16 | Create | Villager (Male) |
| 1:45 | Create | Villager (Male) |
| 2:01 | Build | Lumber Camp |
| 2:08 | Create | Villager (Male) |
| 2:33 | Create | Villager (Male) |
| 2:52 | Create | Villager (Male) |
| 3:17 | Create | Villager (Male) |
| 3:44 | Create | Villager (Male) |
| 3:50 | Build | House |
| 3:59 | Create | Villager (Male) |
| 4:07 | Build | Mill |
| 4:29 | Create | Villager (Male) |
| 5:10 | Create | Villager (Male) |
| 5:17 | Build | House |
| 5:29 | Create | Villager (Male) |
| 5:29 | Create | Villager (Male) |
| 6:14 | Create | Villager (Male) |
| 6:23 | Build | House |
| 6:36 | Build | Mining Camp |
| 6:44 | Create | Villager (Male) |
| 7:24 | Create | Villager (Male) |
| 7:25 | Create | Villager (Male) |
| 7:56 | Build | Mining Camp |
| 7:58 | Create | Villager (Male) |
| 7:58 | Create | Villager (Male) |
| 9:19 | Research | Feudal Age |
| 9:40 | Build | House |
| 9:41 | Build | House |
| 9:42 | Build | House |
| 9:44 | Build | House |
| 11:29 | Age | Feudal Age |
| 11:32 | Create | Villager (Male) |
| 11:33 | Create | Villager (Male) |
| 11:33 | Create | Villager (Male) |
| 11:33 | Create | Villager (Male) |
| 11:48 | Build | Blacksmith |
| 11:57 | Build | Market |
| 12:14 | Build | Farm |
| 12:26 | Build | Farm |
| 12:49 | Build | Farm |
| 13:20 | Research | Castle Age |
| 13:23 | Build | Farm |
| 13:28 | Build | Farm |
| 13:54 | Build | Farm |
| 14:25 | Create | Villager (Male) |
| 14:25 | Create | Villager (Male) |
| 14:26 | Create | Villager (Male) |
| 14:26 | Create | Villager (Male) |
| 16:00 | Age | Castle Age |
| 16:03 | Build | Town Center |
| 16:05 | Create | Villager (Male) |
| 16:06 | Create | Villager (Male) |
| 16:10 | Research | Double-Bit Axe |
| 16:13 | Research | Horse Collar |
| 16:45 | Build | Farm |
| 16:48 | Create | Villager (Male) |
| 16:56 | Build | Farm |
| 17:01 | Create | Villager (Male) |
| 17:14 | Research | Bow Saw |
| 17:20 | Create | Villager (Male) |
| 17:29 | Build | Farm |
| 17:35 | Create | Villager (Male) |
| 17:45 | Build | Farm |
| 17:48 | Create | Villager (Male) |
| 18:09 | Build | Farm |
| 18:11 | Create | Villager (Male) |
| 18:20 | Create | Villager (Male) |
| 18:36 | Create | Villager (Male) |
| 18:39 | Build | Farm |
| 18:49 | Create | Villager (Male) |
| 19:04 | Build | Farm |
| 19:06 | Create | Villager (Male) |
| 19:10 | Build | Farm |
| 19:14 | Create | Villager (Male) |
| 19:27 | Build | Farm |
| 19:28 | Build | Farm |
| 19:31 | Build | Farm |
| 19:35 | Create | Villager (Male) |
| 19:39 | Build | Farm |
| 19:40 | Create | Villager (Male) |
| 19:49 | Build | Farm |
| 19:50 | Build | Farm |
| 19:55 | Build | Farm |
| 19:58 | Create | Villager (Male) |
| 20:02 | Create | Villager (Male) |
| 20:08 | Build | Farm |
| 20:09 | Create | Villager (Male) |
| 20:20 | Build | Town Center |
| 20:30 | Create | Villager (Male) |
| 20:31 | Create | Villager (Male) |
| 20:37 | Build | Farm |
| 20:42 | Create | Villager (Male) |
| 20:43 | Create | Villager (Male) |
| 20:50 | Build | Farm |
| 20:51 | Build | Farm |
| 20:54 | Create | Villager (Male) |
| 20:58 | Build | Farm |
| 21:02 | Create | Villager (Male) |
| 21:09 | Create | Villager (Male) |
| 21:15 | Build | Farm |
| 21:18 | Build | Farm |
| 21:26 | Create | Villager (Male) |
| 21:29 | Build | Farm |
| 21:31 | Create | Villager (Male) |
| 21:47 | Create | Villager (Male) |
| 21:48 | Create | Villager (Male) |
| 21:52 | Create | Villager (Male) |
| 21:53 | Create | Villager (Male) |
| 21:58 | Create | Villager (Male) |
| 22:01 | Build | Farm |
| 22:09 | Build | Lumber Camp |
| 22:14 | Create | Villager (Male) |
| 22:18 | Create | Villager (Male) |
| 22:19 | Create | Villager (Male) |
| 22:26 | Build | Mill |
| 22:34 | Build | Farm |
| 22:44 | Build | House |
| 22:45 | Build | House |
| 22:49 | Build | Farm |
| 22:51 | Create | Villager (Male) |
| 22:53 | Create | Villager (Male) |
| 22:53 | Create | Villager (Male) |
| 22:58 | Create | Villager (Male) |
| 22:59 | Create | Villager (Male) |
| 23:01 | Create | Villager (Male) |
| 23:01 | Create | Villager (Male) |
| 23:15 | Build | Mining Camp |
| 23:17 | Create | Villager (Male) |
| 23:24 | Create | Villager (Male) |
| 23:27 | Create | Villager (Male) |
| 23:29 | Create | Villager (Male) |
| 23:29 | Create | Villager (Male) |
| 23:34 | Build | Farm |
| 23:36 | Build | Farm |
| 23:37 | Build | Farm |
| 23:39 | Build | Farm |
| 23:50 | Build | House |
| 23:51 | Build | House |
| 23:52 | Build | House |
| 23:53 | Build | House |
| 23:58 | Build | Farm |
| 24:03 | Create | Villager (Male) |
| 24:04 | Create | Villager (Male) |
| 24:09 | Create | Villager (Male) |
Build order — DS_Nacho_10
First 150 of 673 actions detected
| 0:01 | Create | Villager (Male) |
| 0:01 | Create | Villager (Male) |
| 0:02 | Build | House |
| 0:03 | Build | House |
| 0:05 | Create | Villager (Male) |
| 0:06 | Create | Villager (Male) |
| 1:24 | Create | Villager (Male) |
| 1:44 | Build | Lumber Camp |
| 1:59 | Create | Villager (Male) |
| 2:15 | Create | Villager (Male) |
| 2:51 | Create | Villager (Male) |
| 3:11 | Create | Villager (Male) |
| 3:33 | Create | Villager (Male) |
| 3:33 | Create | Villager (Male) |
| 3:48 | Build | House |
| 3:55 | Build | House |
| 4:05 | Build | House |
| 4:17 | Create | Villager (Male) |
| 4:17 | Create | Villager (Male) |
| 4:27 | Create | Villager (Male) |
| 4:36 | Build | House |
| 5:28 | Create | Villager (Male) |
| 5:28 | Create | Villager (Male) |
| 5:29 | Create | Villager (Male) |
| 5:30 | Create | Villager (Male) |
| 5:56 | Create | Villager (Male) |
| 6:04 | Create | Villager (Male) |
| 6:36 | Build | Lumber Camp |
| 7:01 | Create | Villager (Male) |
| 7:17 | Build | Mill |
| 7:17 | Create | Villager (Male) |
| 7:22 | Create | Villager (Male) |
| 7:43 | Create | Villager (Male) |
| 7:50 | Build | Farm |
| 8:03 | Build | Farm |
| 8:14 | Build | Farm |
| 8:15 | Create | Villager (Male) |
| 8:22 | Create | Villager (Male) |
| 8:49 | Build | Mining Camp |
| 9:41 | Research | Feudal Age |
| 10:27 | Create | Villager (Male) |
| 10:27 | Create | Villager (Male) |
| 10:58 | Build | Farm |
| 11:01 | Build | Farm |
| 11:13 | Build | House |
| 11:44 | Build | Palisade Wall |
| 11:45 | Build | Palisade Wall |
| 11:49 | Build | House |
| 11:53 | Research | Loom |
| 11:54 | Create | Villager (Male) |
| 12:20 | Build | Palisade Gate |
| 12:26 | Build | House |
| 12:36 | Age | Feudal Age |
| 12:37 | Build | Blacksmith |
| 12:41 | Build | Market |
| 12:43 | Build | House |
| 13:00 | Build | Stone Wall |
| 13:19 | Build | House |
| 13:33 | Research | Castle Age |
| 13:33 | Research | Castle Age |
| 13:41 | Build | Stone Wall |
| 13:43 | Build | Stone Wall |
| 13:43 | Build | Stone Wall |
| 13:48 | Build | Watch Tower |
| 14:02 | Build | Stone Wall |
| 14:08 | Research | Double-Bit Axe |
| 14:09 | Research | Horse Collar |
| 14:22 | Build | Gate |
| 14:23 | Build | Stone Wall |
| 14:26 | Build | Stone Wall |
| 14:35 | Build | Stone Wall |
| 14:41 | Build | House |
| 14:42 | Build | Palisade Wall |
| 14:44 | Build | Palisade Wall |
| 14:54 | Build | Palisade Wall |
| 15:28 | Build | Farm |
| 15:41 | Build | Mining Camp |
| 16:02 | Create | Villager (Male) |
| 16:13 | Age | Castle Age |
| 16:15 | Build | Siege Workshop |
| 16:25 | Build | Farm |
| 16:25 | Create | Villager (Male) |
| 16:31 | Build | Town Center |
| 16:38 | Create | Villager (Male) |
| 16:40 | Build | Monastery |
| 16:41 | Create | Villager (Male) |
| 16:45 | Create | Scorpion |
| 16:47 | Create | Villager (Male) |
| 17:03 | Create | Mangonel |
| 17:05 | Create | Villager (Male) |
| 17:26 | Create | Monk |
| 17:27 | Create | Villager (Male) |
| 17:29 | Build | Farm |
| 17:31 | Build | Farm |
| 17:50 | Create | Villager (Male) |
| 18:01 | Build | House |
| 18:05 | Build | House |
| 18:15 | Build | Farm |
| 18:41 | Create | Monk |
| 18:54 | Create | Villager (Male) |
| 19:06 | Build | Farm |
| 19:07 | Build | Farm |
| 19:42 | Create | Villager (Male) |
| 19:43 | Create | Mangonel |
| 19:59 | Create | Villager (Male) |
| 20:15 | Create | Villager (Male) |
| 20:20 | Create | Mangonel |
| 20:23 | Build | Farm |
| 20:25 | Build | Farm |
| 20:27 | Build | Farm |
| 20:43 | Create | Villager (Male) |
| 20:54 | Create | Villager (Male) |
| 21:04 | Create | Monk |
| 21:08 | Create | Mangonel |
| 21:14 | Create | Villager (Male) |
| 21:16 | Build | Farm |
| 21:17 | Build | Farm |
| 21:26 | Create | Villager (Male) |
| 21:39 | Build | House |
| 21:45 | Create | Villager (Male) |
| 22:01 | Create | Villager (Male) |
| 22:05 | Create | Villager (Male) |
| 22:06 | Create | Villager (Male) |
| 22:23 | Build | Palisade Gate |
| 22:31 | Build | Mill |
| 22:31 | Create | Villager (Male) |
| 22:33 | Build | Farm |
| 22:33 | Build | Farm |
| 22:33 | Build | Farm |
| 22:33 | Build | Farm |
| 22:33 | Build | Farm |
| 22:34 | Build | Farm |
| 22:35 | Create | Villager (Male) |
| 22:35 | Create | Villager (Male) |
| 22:52 | Create | Villager (Male) |
| 22:55 | Build | Mining Camp |
| 23:05 | Create | Villager (Male) |
| 23:13 | Create | Villager (Male) |
| 23:30 | Build | Farm |
| 23:31 | Build | Farm |
| 23:32 | Build | Farm |
| 23:33 | Create | Villager (Male) |
| 23:45 | Create | Villager (Male) |
| 23:49 | Create | Villager (Male) |
| 23:59 | Create | Villager (Male) |
| 24:03 | Build | House |
| 24:06 | Create | Villager (Male) |
| 24:14 | Create | Villager (Male) |
| 24:21 | Create | Villager (Male) |
| 24:23 | Build | House |
Build order — dfgonzalezm08
First 150 of 346 actions detected
| 0:01 | Create | Villager (Male) |
| 0:01 | Create | Villager (Male) |
| 0:01 | Create | Villager (Male) |
| 0:02 | Create | Villager (Male) |
| 0:04 | Build | House |
| 0:06 | Build | House |
| 0:07 | Build | House |
| 0:16 | Research | Loom |
| 0:17 | Research | Loom |
| 0:26 | Create | Villager (Male) |
| 0:26 | Create | Villager (Male) |
| 0:26 | Create | Villager (Male) |
| 0:26 | Create | Villager (Male) |
| 1:33 | Create | Villager (Male) |
| 2:12 | Create | Villager (Male) |
| 2:12 | Create | Villager (Male) |
| 2:27 | Create | Villager (Male) |
| 2:27 | Create | Villager (Male) |
| 2:40 | Build | Lumber Camp |
| 3:05 | Create | Villager (Male) |
| 3:30 | Create | Villager (Male) |
| 3:30 | Create | Villager (Male) |
| 3:58 | Create | Villager (Male) |
| 3:58 | Create | Villager (Male) |
| 3:59 | Create | Villager (Male) |
| 4:24 | Create | Villager (Male) |
| 4:24 | Create | Villager (Male) |
| 5:07 | Create | Villager (Male) |
| 5:08 | Create | Villager (Male) |
| 5:30 | Build | Mill |
| 5:42 | Create | Villager (Male) |
| 5:42 | Create | Villager (Male) |
| 5:42 | Create | Villager (Male) |
| 5:55 | Build | House |
| 5:56 | Build | House |
| 5:58 | Build | House |
| 5:59 | Build | House |
| 6:27 | Create | Villager (Male) |
| 6:27 | Create | Villager (Male) |
| 6:28 | Create | Villager (Male) |
| 7:36 | Create | Villager (Male) |
| 8:28 | Create | Villager (Male) |
| 8:53 | Research | Feudal Age |
| 8:54 | Research | Feudal Age |
| 9:51 | Build | Mining Camp |
| 10:16 | Create | Villager (Male) |
| 10:16 | Create | Villager (Male) |
| 10:17 | Create | Villager (Male) |
| 10:17 | Create | Villager (Male) |
| 10:20 | Create | Villager (Male) |
| 10:22 | Create | Villager (Male) |
| 11:03 | Age | Feudal Age |
| 11:05 | Build | Watch Tower |
| 11:11 | Build | Blacksmith |
| 11:13 | Build | Market |
| 12:05 | Research | Fletching |
| 12:06 | Research | Fletching |
| 12:08 | Create | Villager (Male) |
| 12:08 | Create | Villager (Male) |
| 13:02 | Build | Watch Tower |
| 13:08 | Build | Mining Camp |
| 13:15 | Create | Villager (Male) |
| 13:15 | Create | Villager (Male) |
| 13:15 | Create | Villager (Male) |
| 13:49 | Build | Watch Tower |
| 14:27 | Build | Farm |
| 14:29 | Create | Villager (Male) |
| 14:31 | Create | Villager (Male) |
| 14:31 | Create | Villager (Male) |
| 14:31 | Create | Villager (Male) |
| 14:53 | Build | Watch Tower |
| 14:57 | Build | Farm |
| 15:17 | Build | Farm |
| 15:58 | Build | Farm |
| 15:59 | Create | Villager (Male) |
| 16:08 | Build | House |
| 16:09 | Build | House |
| 16:30 | Build | Farm |
| 16:36 | Build | Farm |
| 16:38 | Create | Villager (Male) |
| 17:21 | Build | Farm |
| 17:29 | Build | Farm |
| 17:30 | Create | Villager (Male) |
| 17:31 | Create | Villager (Male) |
| 18:07 | Build | Farm |
| 18:26 | Build | Mining Camp |
| 18:33 | Build | Farm |
| 18:39 | Create | Villager (Male) |
| 19:16 | Build | Farm |
| 19:23 | Research | Castle Age |
| 19:23 | Research | Castle Age |
| 20:16 | Research | Double-Bit Axe |
| 20:20 | Research | Horse Collar |
| 20:20 | Research | Horse Collar |
| 20:44 | Research | Stone Mining |
| 22:03 | Age | Castle Age |
| 22:33 | Build | Castle |
| 22:43 | Build | University |
| 23:07 | Create | Villager (Male) |
| 23:07 | Create | Villager (Male) |
| 23:09 | Create | Villager (Male) |
| 23:10 | Create | Villager (Male) |
| 23:30 | Research | Bodkin Arrow |
| 23:39 | Research | Gold Mining |
| 23:39 | Research | Gold Mining |
| 23:43 | Research | Guard Tower (upgrade) |
| 23:44 | Research | Ballistics |
| 23:49 | Build | Farm |
| 24:22 | Build | Farm |
| 24:29 | Build | Farm |
| 24:30 | Create | Villager (Male) |
| 25:03 | Build | Farm |
| 25:11 | Create | Villager (Male) |
| 25:15 | Build | Farm |
| 25:38 | Create | Villager (Male) |
| 25:44 | Build | Farm |
| 26:18 | Build | Farm |
| 26:20 | Create | Villager (Male) |
| 26:53 | Build | Farm |
| 26:54 | Research | Imperial Age |
| 26:54 | Research | Imperial Age |
| 27:16 | Research | Bow Saw |
| 27:30 | Build | Siege Workshop |
| 27:51 | Create | Mangonel |
| 27:59 | Create | Villager (Male) |
| 27:59 | Create | Villager (Male) |
| 28:00 | Create | Villager (Male) |
| 28:42 | Create | Mangonel |
| 28:49 | Build | Farm |
| 28:49 | Build | Farm |
| 29:04 | Research | Scale Mail Armor |
| 29:04 | Research | Forging |
| 29:09 | Create | Teutonic Knight |
| 29:09 | Create | Teutonic Knight |
| 29:10 | Create | Teutonic Knight |
| 30:04 | Age | Imperial Age |
| 30:06 | Create | Trebuchet (Packed) |
| 30:09 | Create | Villager (Male) |
| 30:09 | Create | Villager (Male) |
| 30:10 | Create | Villager (Male) |
| 31:05 | Create | Trebuchet (Packed) |
| 31:33 | Create | Petard |
| 31:34 | Create | Petard |
| 31:45 | Research | Crenellations |
| 31:45 | Research | Crenellations |
| 32:14 | Research | Conscription |
| 32:18 | Create | Scorpion |
| 32:18 | Create | Scorpion |
| 32:50 | Create | Villager (Male) |
| 32:51 | Create | Villager (Male) |
Match timeline
| 9:22 | John Wolfgang · age_up feudal |
| 9:26 | John Wolfgang · first_building Stable |
| 10:06 | carlosa_dd · age_up feudal |
| 11:03 | dfgonzalezm08 · age_up feudal |
| 11:22 | GabrielXbox4294 · first_market_buy 100 food |
| 11:23 | GabrielXbox4294 · first_market_sell 100 wood |
| 11:29 | Dimithrycaeiro · age_up feudal |
| 11:44 | DS_Nacho_10 · wall_segment Palisade Wall x3 |
| 11:45 | DS_Nacho_10 · wall_segment Palisade Wall x1 |
| 12:36 | DS_Nacho_10 · age_up feudal |
| 13:00 | DS_Nacho_10 · wall_segment Stone Wall x2 |
| 13:03 | Dimithrycaeiro · first_market_buy 100 food |
| 13:14 | Dimithrycaeiro · first_market_sell 100 food |
| 13:41 | DS_Nacho_10 · wall_segment Stone Wall x1 |
| 13:43 | DS_Nacho_10 · wall_segment Stone Wall x1 |
| 13:43 | DS_Nacho_10 · wall_segment Stone Wall x1 |
| 14:02 | DS_Nacho_10 · wall_segment Stone Wall x1 |
| 14:08 | GabrielXbox4294 · first_building Castle |
| 14:23 | DS_Nacho_10 · wall_segment Stone Wall x2 |
| 14:26 | DS_Nacho_10 · wall_segment Stone Wall x2 |
| 14:35 | DS_Nacho_10 · wall_segment Stone Wall x6 |
| 14:42 | DS_Nacho_10 · wall_segment Palisade Wall x3 |
| 14:44 | DS_Nacho_10 · wall_segment Palisade Wall x1 |
| 14:51 | carlosa_dd · age_up castle |
| 14:54 | DS_Nacho_10 · wall_segment Palisade Wall x1 |
| 15:04 | Dimithrycaeiro · tribute_sent a jugador 1 |
| 15:04 | Dimithrycaeiro · tribute_sent a jugador 2 |
| 15:04 | Dimithrycaeiro · tribute_sent a jugador 4 |
| 15:04 | Dimithrycaeiro · tribute_sent a jugador 5 |
| 15:04 | Dimithrycaeiro · tribute_sent a jugador 6 |
| 15:08 | carlosa_dd · first_building Castle |
| 15:33 | GabrielXbox4294 · tribute_sent a jugador 2 |
| 15:33 | GabrielXbox4294 · tribute_sent a jugador 3 |
| 15:33 | GabrielXbox4294 · tribute_sent a jugador 4 |
| 15:33 | GabrielXbox4294 · tribute_sent a jugador 5 |
| 15:33 | GabrielXbox4294 · tribute_sent a jugador 6 |
| 15:59 | carlosa_dd · first_market_buy 100 food |
| 16:00 | Dimithrycaeiro · age_up castle |
| 16:13 | DS_Nacho_10 · age_up castle |
| 16:15 | DS_Nacho_10 · first_building Siege Workshop |
| 16:19 | carlosa_dd · first_building Monastery |
| 16:28 | DS_Nacho_10 · first_market_buy 100 stone |
| 16:40 | DS_Nacho_10 · first_building Monastery |
| 17:58 | carlosa_dd · first_market_sell 100 wood |
| 18:13 | dfgonzalezm08 · first_market_buy 100 food |
| 18:49 | carlosa_dd · first_building Siege Workshop |
| 19:10 | John Wolfgang · age_up castle |
| 19:20 | dfgonzalezm08 · first_market_sell 100 wood |
| 21:07 | DS_Nacho_10 · first_market_sell 100 wood |
| 22:03 | dfgonzalezm08 · age_up castle |
| 22:31 | GabrielXbox4294 · first_building Monastery |
| 22:33 | dfgonzalezm08 · first_building Castle |
| 26:13 | Dimithrycaeiro · first_building Monastery |
| 26:54 | DS_Nacho_10 · first_building Barracks |
| 27:26 | Dimithrycaeiro · first_building Castle |
| 27:30 | dfgonzalezm08 · first_building Siege Workshop |
| 27:43 | Dimithrycaeiro · first_building Barracks |
| 27:46 | DS_Nacho_10 · first_building Archery Range |
| 29:58 | DS_Nacho_10 · age_up imperial |
| 30:04 | dfgonzalezm08 · age_up imperial |
| 30:19 | Dimithrycaeiro · age_up imperial |
| 30:29 | GabrielXbox4294 · first_building Barracks |
| 30:38 | GabrielXbox4294 · first_building Siege Workshop |
| 31:38 | GabrielXbox4294 · first_building Archery Range |
| 32:33 | John Wolfgang · age_up imperial |
| 33:12 | carlosa_dd · first_building Barracks |
| 34:15 | carlosa_dd · age_up imperial |
| 34:42 | carlosa_dd · first_building Archery Range |
| 34:45 | DS_Nacho_10 · wall_segment Stone Wall x1 |
| 34:47 | DS_Nacho_10 · wall_segment Stone Wall x1 |
| 35:32 | DS_Nacho_10 · wall_segment Stone Wall x1 |
| 35:34 | John Wolfgang · first_building Castle |
| 37:38 | DS_Nacho_10 · first_building Castle |
| 37:58 | DS_Nacho_10 · wall_segment Stone Wall x1 |
| 38:01 | DS_Nacho_10 · wall_segment Stone Wall x3 |
| 41:11 | GabrielXbox4294 · wall_segment Stone Wall x20 |
| 41:18 | carlosa_dd · first_building Stable |
| 41:27 | John Wolfgang · first_market_buy 100 wood |
| 41:47 | Dimithrycaeiro · tribute_sent a jugador 1 |
| 41:47 | Dimithrycaeiro · tribute_sent a jugador 2 |
| 41:47 | Dimithrycaeiro · tribute_sent a jugador 4 |
| 41:47 | Dimithrycaeiro · tribute_sent a jugador 5 |
| 41:47 | Dimithrycaeiro · tribute_sent a jugador 6 |
| 41:57 | DS_Nacho_10 · first_building Stable |
| 42:06 | DS_Nacho_10 · wall_segment Stone Wall x1 |
| 43:42 | GabrielXbox4294 · wall_segment Stone Wall x18 |
| 44:38 | dfgonzalezm08 · first_building Barracks |
| 45:54 | John Wolfgang · tribute_sent a jugador 1 |
| 45:54 | John Wolfgang · tribute_sent a jugador 3 |
| 45:55 | John Wolfgang · tribute_sent a jugador 4 |
| 45:55 | John Wolfgang · tribute_sent a jugador 5 |
| 45:55 | John Wolfgang · tribute_sent a jugador 6 |
| 49:45 | DS_Nacho_10 · resign |
[ AI ANALYSIS · 1 CREDIT ]
What really happened in this match?
Wolo.gg analyzes every decision: build order, eco, micro, common mistakes by bracket. Personalized analysis on WhatsApp or Discord in 30 seconds.
Civ guide
Hindustanis
Map guide
Arena
Perfil
Jugador #24873921